AoeStats
← Martimoc

Black Forest

509585991Analyzed
4v4 RM · 6d ago on Sep 27, 2026· 43m 56s· 8 players
Game mode
Random Map
Map size
Large (8 player)
Population
200
Speed
Normal
Resources
Standard
Victory
Conquest
Starting age
Dark Age
Ending age
Imperial Age
RankedLock teamsTeams togetherTeam positionsShared explorationLock speedFull tech treeHidden civsTurbo modeCheats
Victory
Defeat
🇩🇪 Danes · Germany
662
+8
🇨🇳 Cumans · China
657
+9
🇫🇷 Japanese · France
648
+9
🇦🇺 Bulgarians · Australia
626
+10
🇸🇰 Persians · Slovakia
585
-13
🇲🇩 Bulgarians · Moldova
522
-10
🇧🇷 Vikings · Brazil
465
-8
🇨🇳 Jurchens · China
354
-5
Martimoc
9:25 Feudal Age
7:40 Loom
9:49 Town Watch
11:05 Wheelbarrow
12:17 Horse Collar
17:29 Double-Bit Axe
29:30 Castle Age
29:20 Forging
30:40 Husbandry
31:08 Hand Cart
33:54 Masonry
33:40 Murder Holes
34:39 Guard Tower
Elite Savage
saniuwa
0:57 Loom
17:23 Feudal Age
18:11 Horse Collar
18:47 Double-Bit Axe
21:11 Stone Mining
21:12 Gold Mining
25:41 Castle Age
25:16 Bloodlines
24:58 Fletching
25:19 Forging
25:10 Scale Mail Armor
25:15 Scale Barding Armor
27:00 Wheelbarrow
26:11 Town Watch
26:43 Bow Saw
26:35 Heavy Plow
29:22 Caravan
31:24 Fervor
33:40 Hand Cart
35:23 Town Patrol
39:22 Imperial Age
38:01 Gold Shaft Mining
38:02 Stone Shaft Mining
37:52 Bodkin Arrow
38:32 Iron Casting
38:44 Chain Mail Armor
38:50 Chain Barding Armor
38:25 Gambesons
38:41 Squires
38:10 Pikeman
38:53 Husbandry
40:44 Murder Holes
41:00 Masonry
41:11 Ballistics
43:40 Architecture
43:33 Conscription
43:15 Bracer
44:16 Blast Furnace
43:46 Plate Mail Armor
43:52 Plate Barding Armor
renatomuzzi
1:24 Loom
25:22 Feudal Age
25:58 Double-Bit Axe
26:04 Horse Collar
34:13 Arson
julien315550
0:35 Loom
12:43 Feudal Age
13:17 Double-Bit Axe
13:14 Horse Collar
14:12 Wheelbarrow
18:48 Stone Mining
18:49 Gold Mining
25:00 Castle Age
27:35 Bow Saw
29:18 Heavy Plow
32:09 Hand Cart
35:07 Gold Shaft Mining
37:53 Caravan
38:24 Coinage
38:29 Forging
38:20 Scale Mail Armor
39:11 Yasama
39:41 Chain Mail Armor
40:02 Iron Casting
39:44 Town Watch
42:30 Imperial Age
43:47 Cavalier
44:28 Husbandry
44:42 Masonry
44:44 Fortified Wall
Ana Catalina
0:28 Loom
17:43 Feudal Age
18:19 Town Watch
21:33 Horse Collar
28:01 Castle Age
26:22 Stone Mining
26:22 Double-Bit Axe
27:10 Fletching
27:21 Padded Archer Armor
28:57 Bodkin Arrow
28:55 Gold Mining
31:04 Stone Shaft Mining
32:53 Forging
33:15 Hamask
39:00 Pikeman
刺猬
2:11 Loom
12:31 Feudal Age
12:57 Double-Bit Axe
15:33 Horse Collar
21:21 Wheelbarrow
24:43 Castle Age
23:06 Gold Mining
25:42 Bow Saw
25:35 Heavy Plow
25:43 Caravan
27:52 Gold Shaft Mining
28:05 Stone Mining
32:46 Hand Cart
34:49 Fervor
36:03 Steppe Husbandry
38:28 Bloodlines
41:33 Imperial Age
39:43 Bloodlines
39:26 Fletching
40:27 Bodkin Arrow
40:32 Padded Archer Armor
40:33 Scale Mail Armor
41:50 Leather Archer Armor
41:47 Forging
41:55 Chain Mail Armor
42:17 Ballistics
42:07 Scale Barding Armor
42:19 Masonry
42:35 Town Watch
43:44 Conscription
44:32 Chemistry
43:38 Murder Holes
45:30 Two-Man Saw
yawentseng1102
28:59 Feudal Age
30:25 Double-Bit Axe
43:03 Castle Age
Connection lost

Rejoining the realm…

Still unreachable

The connection could not be restored.

Session expired

The server has moved on; the page needs a fresh start.